2587 views
Uploaded 2021-09-06 06:07:34
Game version 1.32.10
12:14 long 4on4 ladder game on (8)GolemsInTheMist_LV
Saved by Teelo
2587 views
Uploaded 2021-09-06 06:07:34
Game version 1.32.10
12:14 long 4on4 ladder game on (8)GolemsInTheMist_LV


86 units @ 8.2k
/ 0.6k
53 buildings @ 7.8k
/ 2.8k

| Wisp | 22 | 1320 | / | 0 |
| total: | 22 | 1320g | / | 0w |
| Ancient Protector | 6 | 810 | / | 480 |
| Moon Well | 3 | 540 | / | 120 |
| Altar of Elders | 1 | 180 | / | 50 |
| Hunter's Hall | 3 | 630 | / | 300 |
| total: | 13 | 2160g | / | 950w |
| 0:04 | Moon Well |
| 0:05 | Wisp |
| 0:05 | Wisp |
| 0:37 | Wisp |
| 0:37 | Wisp |
| 0:38 | Wisp |
| 1:16 | Altar of Elders |
| 1:17 | Wisp |
| 1:17 | Wisp |
| 2:41 | Hunter's Hall |
| 2:44 | Wisp |
| 2:44 | Wisp |
| 3:00 | Moon Well |
| 3:02 | Wisp |
| 3:02 | Wisp |
| 3:13 | Hunter's Hall |
| 3:17 | Wisp |
| 3:17 | Wisp |
| 3:56 | Hunter's Hall |
| 3:58 | Moon Well |
| 4:26 | Shadow Strike |
| 4:42 | Wisp |
| 4:42 | Wisp |
| 4:44 | Wisp |
| 4:45 | Wisp |
| 5:51 | Wisp |
| 5:51 | Wisp |
| 5:51 | Wisp |
| 6:15 | Ancient Protector |
| 6:16 | Ancient Protector |
| 6:20 | Ancient Protector |
| 6:46 | Ancient Protector |
| 6:50 | Ancient Protector |
| 6:52 | Wisp |
| 6:52 | Wisp |
| 6:57 | Ancient Protector |
| Chat | 1039 |
| Right click | 212 |
| Select | 118 |
| Build/train/purchase | 36 |
| Use ability | 17 |
| Esc | 4 |
| Remove unit | 2 |

| Lesser Clarity Potion | 3 | 210 |
| Moonstone | 2 | 100 |
| Potion of Mana | 2 | 400 |
| Scroll of Regeneration | 1 | 100 |
| total: | 8 | 810g |
| Wisp | 19 | 1140 | / | 0 |
| Archer | 6 | 780 | / | 60 |
| Huntress | 2 | 390 | / | 40 |
| total: | 27 | 2310g | / | 100w |
| Altar of Elders | 1 | 180 | / | 50 |
| Ancient of War | 1 | 150 | / | 60 |
| Moon Well | 4 | 720 | / | 160 |
| Ancient of Wonders | 1 | 90 | / | 30 |
| Hunter's Hall | 1 | 210 | / | 100 |
| Tree of Life | 1 | 340 | / | 185 |
| Tree of Ages | 1 | 320 | / | 180 |
| Tree of Eternity | 1 | 330 | / | 200 |
| total: | 9 | 1690g | / | 585w |
| 0:03 | Wisp |
| 0:04 | Wisp |
| 0:08 | Altar of Elders |
| 0:10 | Ancient of War |
| 0:11 | Wisp |
| 0:18 | Moon Well |
| 0:25 | Wisp |
| 0:36 | Wisp |
| 0:48 | Wisp |
| 0:57 | Wisp |
| 1:15 | Archer |
| 1:32 | Moon Well |
| 1:39 | Archer |
| 1:54 | Archer |
| 2:11 | Ancient of Wonders |
| 2:22 | Archer |
| 2:27 | Force of Nature |
| 2:39 | Archer |
| 2:44 | Wisp |
| 2:44 | Wisp |
| 3:09 | Archer |
| 3:11 | Wisp |
| 3:11 | Wisp |
| 3:36 | Wisp |
| 3:37 | Wisp |
| 3:37 | Wisp |
| 3:49 | Entangling Roots |
| 4:18 | Tree of Ages |
| 5:47 | Hunter's Hall |
| 5:56 | Moon Well |
| 6:06 | Lesser Clarity Potion |
| 6:06 | Moonstone |
| 6:37 | Force of Nature |
| 7:06 | Tree of Life |
| 7:07 | Huntress |
| 7:09 | Moon Armor |
| 7:35 | Potion of Mana |
| 8:42 | Huntress |
| 8:43 | Moon Glaive |
| 8:46 | Lesser Clarity Potion |
| 8:50 | Potion of Mana |
| 8:54 | Strength of the Moon |
| 8:57 | Tree of Eternity |
| 9:06 | Scroll of Regeneration |
| 9:45 | Moon Well |
| 9:55 | Moonstone |
| 9:58 | Lesser Clarity Potion |
| 10:20 | Improved Strength of the Moon |
| 10:25 | Wisp |
| 10:25 | Wisp |
| 10:25 | Wisp |
| 10:26 | Wisp |
| 10:26 | Wisp |
| 10:32 | Improved Moon Armor |
| Right click | 264 |
| Select | 130 |
| Select group | 78 |
| Chat | 70 |
| Build/train/purchase | 59 |
| Assign group | 38 |
| Use ability | 37 |
| Esc | 6 |
| Minimap ping | 4 |
| Item give/drop | 2 |
| Misc. action | 1 |

| Peon | 6 | 450 | / | 0 |
| Troll Headhunter | 15 | 2100 | / | 300 |
| total: | 21 | 2550g | / | 300w |
| Altar of Storms | 1 | 180 | / | 50 |
| Orc Burrow | 4 | 640 | / | 160 |
| War Mill | 1 | 205 | / | 0 |
| Barracks | 2 | 360 | / | 100 |
| total: | 8 | 1385g | / | 310w |
| 0:04 | Peon |
| 0:04 | Peon |
| 0:07 | Altar of Storms |
| 0:09 | Orc Burrow |
| 0:34 | Peon |
| 0:57 | Peon |
| 0:59 | War Mill |
| 1:12 | Barracks |
| 1:21 | Peon |
| 1:47 | Peon |
| 1:51 | Orc Burrow |
| 2:09 | Feral Spirit |
| 2:16 | Orc Burrow |
| 2:40 | Troll Headhunter |
| 3:04 | Troll Headhunter |
| 3:06 | Barracks |
| 3:17 | Troll Headhunter |
| 3:28 | Troll Headhunter |
| 3:53 | Troll Headhunter |
| 3:53 | Troll Headhunter |
| 4:15 | Orc Burrow |
| 4:16 | Troll Headhunter |
| 4:23 | Troll Headhunter |
| 4:34 | Troll Headhunter |
| 4:35 | Troll Headhunter |
| 4:56 | Troll Headhunter |
| 5:01 | Steel Ranged Weapons |
| 5:16 | Troll Headhunter |
| 5:17 | Troll Headhunter |
| 5:44 | Troll Headhunter |
| 5:44 | Troll Headhunter |
| 5:47 | Steel Armor |
| 6:01 | Chain Lighting |
| Chat | 553 |
| Right click | 97 |
| Select group | 96 |
| Select | 70 |
| Build/train/purchase | 34 |
| Assign group | 12 |
| Misc. action | 4 |
| Use ability | 2 |
| Esc | 2 |
| Minimap ping | 1 |

| Lesser Clarity Potion | 1 | 70 |
| Scroll of Regeneration | 1 | 100 |
| total: | 2 | 170g |
| Peasant | 8 | 600 | / | 0 |
| Footman | 6 | 810 | / | 0 |
| Goblin Shredder | 1 | 375 | / | 100 |
| Goblin Zeppelin | 1 | 240 | / | 60 |
| total: | 16 | 2025g | / | 160w |
| Scout Tower | 5 | 150 | / | 100 |
| Guard Tower | 4 | 280 | / | 200 |
| Altar of Kings | 1 | 180 | / | 50 |
| Farm | 8 | 640 | / | 160 |
| Barracks | 4 | 640 | / | 240 |
| Arcane Vault | 1 | 130 | / | 30 |
| Lumber Mill | 1 | 120 | / | 0 |
| Blacksmith | 2 | 280 | / | 120 |
| Town Hall | 1 | 385 | / | 205 |
| Keep | 1 | 320 | / | 210 |
| Castle | 1 | 360 | / | 210 |
| total: | 23 | 2525g | / | 905w |
| 0:01 | Peasant |
| 0:13 | Altar of Kings |
| 0:14 | Peasant |
| 0:18 | Farm |
| 0:21 | Barracks |
| 0:23 | Barracks |
| 0:28 | Peasant |
| 0:40 | Peasant |
| 0:55 | Farm |
| 0:57 | Peasant |
| 1:16 | Peasant |
| 1:28 | Footman |
| 1:38 | Farm |
| 1:39 | Peasant |
| 1:51 | Footman |
| 1:55 | Farm |
| 2:01 | Peasant |
| 2:06 | Scout Tower |
| 2:20 | Arcane Vault |
| 2:28 | Summon Water Elemental |
| 2:37 | Footman |
| 3:08 | Footman |
| 3:08 | Footman |
| 3:08 | Footman |
| 3:38 | Brilliance Aura |
| 3:42 | Farm |
| 3:58 | Lumber Mill |
| 4:04 | Lesser Clarity Potion |
| 4:05 | Scroll of Regeneration |
| 4:27 | Keep |
| 4:29 | Improved Lumber Harvesting |
| 4:52 | Farm |
| 4:55 | Guard Tower |
| 5:01 | Scout Tower |
| 5:05 | Scout Tower |
| 5:08 | Scout Tower |
| 5:10 | Scout Tower |
| 5:27 | Farm |
| 5:35 | Goblin Shredder |
| 5:48 | Guard Tower |
| 5:50 | Guard Tower |
| 6:19 | Defend |
| 6:22 | Blacksmith |
| 6:40 | Farm |
| 7:49 | Goblin Zeppelin |
| 9:10 | Castle |
| 9:54 | Barracks |
| 9:55 | Barracks |
| 10:09 | Summon Water Elemental |
| 11:08 | Town Hall |
| 11:21 | Blacksmith |
| 11:25 | Advanced Lumber Harvesting |
| Right click | 325 |
| Select | 258 |
| Build/train/purchase | 50 |
| Use ability | 8 |
| Misc. action | 2 |
81 units @ 12.3k
/ 1.9k
50 buildings @ 8.2k
/ 2.8k


| Sacrificial Skull | 1 | 50 |
| Orb of Corruption | 1 | 375 |
| Potion of Healing | 2 | 300 |
| Potion of Mana | 2 | 400 |
| Scroll of Town Portal | 1 | 350 |
| total: | 7 | 1475g |
| Acolyte | 9 | 675 | / | 0 |
| Ghoul | 4 | 480 | / | 0 |
| Crypt Fiend | 5 | 1075 | / | 200 |
| Frost Wyrm | 4 | 1540 | / | 480 |
| Goblin Shredder | 2 | 750 | / | 200 |
| total: | 24 | 4520g | / | 880w |
| Nerubian Tower | 1 | 100 | / | 20 |
| Spirit Tower | 3 | 435 | / | 120 |
| Crypt | 1 | 200 | / | 50 |
| Graveyard | 1 | 215 | / | 0 |
| Ziggurat | 8 | 1200 | / | 400 |
| Altar of Darkness | 1 | 180 | / | 50 |
| Tomb of Relics | 1 | 130 | / | 30 |
| Necropolis | 1 | 225 | / | 0 |
| Sacrificial Pit | 1 | 75 | / | 150 |
| Boneyard | 2 | 350 | / | 400 |
| Halls of the Dead | 2 | 640 | / | 420 |
| Black Citadel | 2 | 650 | / | 460 |
| total: | 16 | 2575g | / | 1080w |
| 0:03 | Acolyte |
| 0:03 | Acolyte |
| 0:20 | Crypt |
| 0:25 | Graveyard |
| 0:31 | Ziggurat |
| 0:36 | Altar of Darkness |
| 0:58 | Tomb of Relics |
| 1:21 | Ghoul |
| 1:32 | Ziggurat |
| 1:36 | Ghoul |
| 1:56 | Crypt Fiend |
| 2:23 | Crypt Fiend |
| 2:32 | Acolyte |
| 2:34 | Carrion Beetles |
| 2:51 | Sacrificial Skull |
| 3:08 | Ghoul |
| 3:44 | Ghoul |
| 3:47 | Halls of the Dead |
| 4:00 | Spiked Carapace |
| 4:09 | Ziggurat |
| 4:33 | Crypt Fiend |
| 4:59 | Carrion Beetles |
| 5:06 | Necropolis |
| 5:08 | Nerubian Tower |
| 5:15 | Crypt Fiend |
| 5:32 | Ziggurat |
| 6:52 | Black Citadel |
| 7:08 | Death Coil |
| 7:10 | Spirit Tower |
| 7:10 | Acolyte |
| 7:10 | Acolyte |
| 7:10 | Acolyte |
| 7:11 | Acolyte |
| 7:23 | Sacrificial Pit |
| 7:24 | Creature Attack |
| 8:21 | Creature Carapace |
| 8:50 | Ziggurat |
| 9:27 | Web |
| 9:29 | Acolyte |
| 9:29 | Acolyte |
| 9:36 | Ziggurat |
| 9:42 | Spiked Carapace |
| 9:51 | Boneyard |
| 9:57 | Boneyard |
| 10:01 | Spirit Tower |
| 10:03 | Ziggurat |
| 10:09 | Orb of Corruption |
| 10:14 | Potion of Healing |
| 10:14 | Scroll of Town Portal |
| 10:18 | Potion of Healing |
| 10:18 | Potion of Mana |
| 10:21 | Potion of Mana |
| 10:31 | Spirit Tower |
| 10:36 | Improved Creature Attack |
| 10:55 | Crypt Fiend |
| 11:06 | Ziggurat |
| 11:13 | Unholy Aura |
| 11:26 | Frost Wyrm |
| 11:26 | Frost Wyrm |
| 11:29 | Improved Creature Carapace |
| 11:41 | Goblin Shredder |
| 11:41 | Goblin Shredder |
| 11:47 | Frost Wyrm |
| 12:08 | Frost Wyrm |
| Right click | 336 |
| Select | 248 |
| Select group | 208 |
| Misc. action | 177 |
| Build/train/purchase | 56 |
| Chat | 10 |
| Use ability | 6 |
| Item give/drop | 5 |
| Assign group | 2 |
| Esc | 1 |

| Rod of Necromancy | 2 | 300 |
| Sacrificial Skull | 1 | 50 |
| Potion of Healing | 1 | 150 |
| Potion of Mana | 2 | 400 |
| Scroll of Town Portal | 1 | 350 |
| total: | 7 | 1250g |
| Acolyte | 11 | 825 | / | 0 |
| Ghoul | 4 | 480 | / | 0 |
| Crypt Fiend | 7 | 1505 | / | 280 |
| Goblin Shredder | 1 | 375 | / | 100 |
| Goblin Zeppelin | 1 | 240 | / | 60 |
| total: | 24 | 3425g | / | 440w |
| Nerubian Tower | 1 | 100 | / | 20 |
| Spirit Tower | 4 | 580 | / | 160 |
| Altar of Darkness | 1 | 180 | / | 50 |
| Ziggurat | 6 | 900 | / | 300 |
| Crypt | 2 | 400 | / | 100 |
| Tomb of Relics | 1 | 130 | / | 30 |
| Graveyard | 1 | 215 | / | 0 |
| Necropolis | 1 | 225 | / | 0 |
| Halls of the Dead | 1 | 320 | / | 210 |
| total: | 12 | 2050g | / | 480w |
| 0:02 | Acolyte |
| 0:02 | Acolyte |
| 0:08 | Altar of Darkness |
| 0:12 | Ziggurat |
| 0:44 | Crypt |
| 1:01 | Tomb of Relics |
| 1:04 | Nerubian Tower |
| 1:33 | Ziggurat |
| 1:52 | Ghoul |
| 1:53 | Ghoul |
| 2:11 | Death Coil |
| 2:16 | Rod of Necromancy |
| 2:17 | Sacrificial Skull |
| 2:19 | Ghoul |
| 2:34 | Ghoul |
| 2:52 | Graveyard |
| 3:17 | Crypt |
| 3:51 | Halls of the Dead |
| 4:21 | Unholy Aura |
| 4:48 | Crypt Fiend |
| 4:50 | Creature Attack |
| 5:18 | Goblin Shredder |
| 5:40 | Ziggurat |
| 5:42 | Ziggurat |
| 5:53 | Rod of Necromancy |
| 6:19 | Burrow |
| 6:20 | Web |
| 6:32 | Acolyte |
| 6:32 | Acolyte |
| 6:43 | Death Coil |
| 6:54 | Crypt Fiend |
| 7:09 | Acolyte |
| 7:09 | Acolyte |
| 7:09 | Acolyte |
| 7:32 | Goblin Zeppelin |
| 8:09 | Ziggurat |
| 8:42 | Necropolis |
| 8:49 | Crypt Fiend |
| 9:04 | Creature Carapace |
| 9:26 | Crypt Fiend |
| 9:44 | Crypt Fiend |
| 10:09 | Spirit Tower |
| 10:15 | Crypt Fiend |
| 10:25 | Acolyte |
| 10:25 | Acolyte |
| 10:39 | Potion of Healing |
| 10:59 | Acolyte |
| 11:04 | Crypt Fiend |
| 11:08 | Acolyte |
| 11:12 | Spirit Tower |
| 11:41 | Scroll of Town Portal |
| 11:42 | Potion of Mana |
| 11:46 | Potion of Mana |
| 12:00 | Spirit Tower |
| 12:01 | Ziggurat |
| Select group | 189 |
| Right click | 150 |
| Select | 145 |
| Assign group | 121 |
| Build/train/purchase | 66 |
| Misc. action | 51 |
| Use ability | 22 |
| Chat | 15 |
| Resource trade | 4 |
| Item give/drop | 2 |



| Scroll of Speed | 1 | 50 |
| Healing Salve | 2 | 200 |
| Lesser Clarity Potion | 1 | 70 |
| total: | 4 | 320g |
| Peon | 11 | 825 | / | 0 |
| Troll Witch Doctor | 4 | 580 | / | 100 |
| Shaman | 3 | 390 | / | 60 |
| total: | 18 | 1795g | / | 160w |
| Altar of Storms | 1 | 180 | / | 50 |
| Orc Burrow | 5 | 800 | / | 200 |
| Voodoo Lounge | 1 | 130 | / | 30 |
| War Mill | 1 | 205 | / | 0 |
| Beastiary | 1 | 145 | / | 140 |
| Spirit Lodge | 2 | 300 | / | 300 |
| Stronghold | 2 | 630 | / | 380 |
| Fortress | 1 | 325 | / | 190 |
| total: | 11 | 1760g | / | 720w |
| 0:02 | Peon |
| 0:03 | Peon |
| 0:08 | Altar of Storms |
| 0:18 | Orc Burrow |
| 0:24 | Peon |
| 0:33 | Peon |
| 0:34 | Peon |
| 0:42 | Peon |
| 0:43 | Peon |
| 0:43 | Peon |
| 1:01 | Peon |
| 1:03 | Voodoo Lounge |
| 1:15 | Peon |
| 1:34 | Peon |
| 2:06 | Feral Spirit |
| 2:07 | Scroll of Speed |
| 2:07 | Healing Salve |
| 2:08 | Stronghold |
| 2:27 | Orc Burrow |
| 3:54 | War Mill |
| 4:46 | Beastiary |
| 4:50 | Spirit Lodge |
| 4:51 | Fortress |
| 4:51 | Spirit Lodge |
| 5:12 | Orc Burrow |
| 5:34 | Hex |
| 5:36 | Lesser Clarity Potion |
| 5:36 | Healing Salve |
| 6:02 | Troll Witch Doctor |
| 6:05 | Shaman Adept Training |
| 6:48 | Witch Doctor Adept Training |
| 6:49 | Shaman |
| 7:10 | Shaman |
| 7:11 | Orc Burrow |
| 8:08 | Shaman Master Training |
| 8:09 | Witch Doctor Master Training |
| 8:09 | Troll Witch Doctor |
| 8:11 | Chain Lighting |
| 8:37 | Shaman |
| 8:37 | Troll Witch Doctor |
| 9:12 | Healing Wave |
| 10:14 | Endurance Aura |
| 10:27 | Troll Witch Doctor |
| 11:38 | Feral Spirit |
| 12:08 | Orc Burrow |
| Right click | 530 |
| Select | 420 |
| Select group | 131 |
| Misc. action | 73 |
| Assign group | 67 |
| Build/train/purchase | 52 |
| Use ability | 24 |
| Resource trade | 12 |
| Chat | 8 |
| Remove unit | 2 |
| Minimap ping | 1 |



| Rod of Necromancy | 1 | 150 |
| Potion of Healing | 1 | 150 |
| Orb of Corruption | 1 | 375 |
| Scroll of Town Portal | 1 | 350 |
| total: | 4 | 1025g |
| Acolyte | 3 | 225 | / | 0 |
| Ghoul | 2 | 240 | / | 0 |
| Crypt Fiend | 8 | 1720 | / | 320 |
| Obsidian Statue | 2 | 400 | / | 70 |
| total: | 15 | 2585g | / | 390w |
| Nerubian Tower | 1 | 100 | / | 20 |
| Spirit Tower | 2 | 290 | / | 80 |
| Crypt | 1 | 200 | / | 50 |
| Graveyard | 1 | 215 | / | 0 |
| Ziggurat | 6 | 900 | / | 300 |
| Altar of Darkness | 1 | 180 | / | 50 |
| Tomb of Relics | 1 | 130 | / | 30 |
| Slaughterhouse | 1 | 140 | / | 135 |
| Halls of the Dead | 1 | 320 | / | 210 |
| Black Citadel | 1 | 325 | / | 230 |
| total: | 11 | 1765g | / | 565w |
| 0:06 | Acolyte |
| 0:06 | Acolyte |
| 0:08 | Crypt |
| 0:28 | Graveyard |
| 0:40 | Ziggurat |
| 0:58 | Altar of Darkness |
| 1:12 | Ghoul |
| 1:45 | Ghoul |
| 1:58 | Tomb of Relics |
| 2:04 | Crypt Fiend |
| 2:24 | Crypt Fiend |
| 2:44 | Crypt Fiend |
| 2:51 | Ziggurat |
| 3:10 | Death Coil |
| 3:11 | Rod of Necromancy |
| 3:49 | Crypt Fiend |
| 3:55 | Crypt Fiend |
| 3:58 | Halls of the Dead |
| 4:22 | Ziggurat |
| 5:06 | Crypt Fiend |
| 5:43 | Ziggurat |
| 5:48 | Unholy Aura |
| 6:19 | Slaughterhouse |
| 6:22 | Black Citadel |
| 7:44 | Crypt Fiend |
| 7:56 | Frost Nova |
| 8:26 | Death Coil |
| 8:50 | Acolyte |
| 8:51 | Web |
| 8:52 | Obsidian Statue |
| 9:09 | Scroll of Town Portal |
| 9:10 | Potion of Healing |
| 9:13 | Orb of Corruption |
| 9:18 | Obsidian Statue |
| 10:02 | Destroyer Form |
| 10:24 | Impale |
| 10:37 | Nerubian Tower |
| 10:39 | Spirit Tower |
| 10:41 | Ziggurat |
| 10:50 | Ziggurat |
| 11:12 | Crypt Fiend |
| 11:44 | Spirit Tower |
| Select group | 247 |
| Right click | 221 |
| Select | 102 |
| Chat | 89 |
| Misc. action | 59 |
| Build/train/purchase | 38 |
| Assign group | 19 |
| Use ability | 8 |
| Item give/drop | 3 |
| Remove unit | 2 |
⇛